[Event "Fagernes GM Open Autumn 2024"]
[Site "Fagernes"]
[Date "2024.10.09"]
[Round "5.3"]
[White "Aizenberg, Benny"]
[Black "Stremavicius, Titas"]
[Result "0-1"]
[ECO "B30"]
[WhiteElo "2423"]
[BlackElo "2541"]
[Annotator "TA"]
[PlyCount "108"]
[EventDate "2024.10.03"]
[EventType "swiss"]
[EventCountry "NOR"]
[SourceTitle "playchess.com"]
[Source "ChessBase"]
[SourceQuality "1"]
[TimeControl "40/6000:2400+30"]

1. e4 c5 2. Nf3 Nc6 3. Bb5 Nf6 4. Nc3 Nd4 5. e5 Nxb5 6. Nxb5 Nd5 7. c4 Nc7 8. Nc3 d6 9. O-O {[%emt 0:02:25] The position is equal.} dxe5 10. Nxe5 g6 {[%emt 0:00:00] [#]} 11. b4 $1 Bg7 12. Re1 O-O 13. bxc5 {[%emt 0:01:03] Strongly threatening d4.} Qd4 14. Re4 Qxc5 15. d4 Qa5 16. Bd2 {[%emt 0:07:38][%cal Oc3d5] Nd5! is the strong threat.} Qa6 17. Qc1 (17. Rc1 $11) 17... Bf5 18. Rh4 ({Better is} 18. Re1 $15) 18... f6 $19 19. Ng4 Bxg4 ({But not} 19... Qxc4 20. Ne3 Qd3 21. Na4 $15) 20. Rxg4 Qxc4 (20... f5 $1 $19 21. Rg3 Qxc4 (21... Bxd4 22. Qe1 $17)) 21. Re4 $17 Qf7 {[%emt 0:04:52] Black is more active.} 22. Qa3 Rfe8 23. Rae1 e6 24. Bf4 Nd5 (24... e5 $17 25. dxe5 f5) 25. Nxd5 $11 exd5 26. R4e3 (26. Rxe8+ $11 Rxe8 27. Rxe8+ Qxe8 28. Qa5) 26... Bf8 $40 {[%emt 0:04:30][%mdl 128] Black has some attack.} 27. Bd6 Bh6 28. f4 (28. Rxe8+ $11 {remains equal.} Rxe8 29. Rxe8+ Qxe8 30. Qa5) 28... Rxe3 $17 29. Qxe3 {[%emt 0:00:00] [#]} Qd7 (29... Rd8 $1 $17 30. Ba3 f5) 30. Ba3 (30. Qe7 $11 Qxe7 31. Rxe7) 30... f5 31. h3 Bg7 32. Kh2 Bf6 33. Bb4 Rc8 34. Qa3 Bxd4 35. Re7 Qc6 36. Bd6 Re8 (36... Bg7 $19 {Threatens to win with ...Bf8.} 37. Re2 Qc4) 37. Rc7 Qb5 (37... Qa6 {simplifies} 38. Qxa6 bxa6 39. Rd7 a5) 38. Qb4 $2 (38. Be5 $17 {was worth a try.} Bxe5 (38... Rxe5 39. Qd6 $15) 39. fxe5) 38... Qxb4 $19 39. Bxb4 {[%emt 0:00:00][%mdl 4096] Endgame. KRB-KRB} Be3 40. g3 Bb6 41. Rxb7 Re2+ 42. Kh1 Rxa2 43. g4 fxg4 44. hxg4 Rf2 45. Bd6 d4 {[%emt 0:06:28] aiming for ...d3.} 46. Kg1 (46. Rd7 $142 d3 47. Bb4) 46... Re2 {[%emt 0:00:21] And now ...d3+ would win.} 47. Kf1 d3 48. Rd7 Rf2+ 49. Ke1 d2+ 50. Kd1 Be3 51. Rd8+ Kf7 52. Rd7+ Kf6 53. g5+ Kf5 {[%emt 0:00:06] ( -> ...Rf1+)} 54. Rf7+ Kg4 {[%emt 0:00:07] Weighted Error Value: White=0.56/Black=0.22 (precise) .  Loses game:     	White=1     	---        Mistake:       	White=6     	Black=4      Inaccurate:     	White=5     	Black=3      OK:         	White=10    	Black=19     Best:        	White=1     	Black=4} 0-1

[Event "Fagernes GM Open Autumn 2024"]
[Site "Fagernes"]
[Date "2024.10.09"]
[Round "5.4"]
[White "Raja Rithvik R"]
[Black "Hillarp Persson, Tiger"]
[Result "1-0"]
[ECO "D35"]
[WhiteElo "2514"]
[BlackElo "2455"]
[Annotator "TA"]
[PlyCount "117"]
[EventDate "2024.10.03"]
[EventType "swiss"]
[EventCountry "NOR"]
[SourceTitle "playchess.com"]
[Source "ChessBase"]
[SourceQuality "1"]
[TimeControl "40/6000:2400+30"]

1. d4 Nf6 2. c4 e6 3. Nf3 d5 4. Nc3 Nbd7 5. cxd5 exd5 6. Bf4 Nb6 7. e3 Bf5 {[%emt 0:02:33] Prevents Qc2} 8. h3 c6 {[%emt 0:02:05] The position is equal.} 9. g4 Be6 10. Bd3 Nc4 11. Qc2 Be7 12. O-O-O b5 $1 13. Kb1 a5 14. Ng5 Bd7 15. Rhe1 h6 16. Nf3 a4 17. Ne5 a3 18. b3 Nb2 19. Rc1 Nxd3 20. Qxd3 Rc8 (20... O-O $1 $14) 21. Ne2 {[%emt 0:04:55] White is much more active.} (21. Re2 $16) 21... Ne4 $14 22. f3 Nf2 23. Qc2 Nxh3 24. Rh1 (24. Ng3 $1 $14) 24... Ng5 (24... Nxf4 $11 {remains equal.} 25. exf4 c5) 25. Ng3 $1 $40 {[%emt 0:05:29][%mdl 128] White wants a kill.} Ne6 26. Nf5 (26. Nh5 $16) 26... Bf8 (26... Nxf4 $14 27. exf4 Bxf5 28. Qxf5 Bf6 (28... O-O $2 29. Nxc6 Rxc6 30. Rxc6 $18)) 27. Bg3 $18 Qb6 $2 {[%emt 0:10:05] [#]} (27... c5) 28. Nxh6 $1 Rxh6 (28... gxh6 29. Qf5) 29. Rxh6 {[%emt 0:00:00][%cal Oc2f5] Threatens to win with Qf5!} gxh6 30. Qf5 Be7 31. Qxf7+ (31. Nxf7 b4 $11 (31... Ng5 $2 32. Nd6+ Bxd6 33. Qg6+ Kd8 34. Bxd6 $18)) 31... Kd8 32. Qg8+ Nf8 33. Nf7+ (33. Bh4 $142 Bxh4 34. Qxf8+ Kc7 35. Qg7 (35. Qxh6 Be7 $11)) 33... Ke8 34. Nd6+ $1 {[%emt 0:00:00][%mdl 1024] White has strong compensation.} (34. Nxh6 c5 35. Qf7+ Kd8 $17) (34. Bd6 $2 Be6 35. Bxe7 Kxe7 $19 (35... Bxf7 36. Qxf8+ Kd7 37. Qxf7 Rc7 38. Bc5+ Kc8 39. Qe8+ Kb7 40. Bxb6 Kxb6 41. Qa8)) 34... Kd8 35. Nf7+ (35. Nxc8 $6 Bxc8 $14) 35... Ke8 {[%emt 0:00:00] aiming for ...Be6.} 36. Nd6+ $1 ({But not} 36. Nxh6 c5 37. Qf7+ Kd8 $17) (36. Bd6 $2 Be6 37. Qh8 Bxf7 $19) 36... Kd8 {[%emt 0:00:00][%cal Ob6a6,Be8d8,Bd8c7,Bc7d7][%mdl 32] [#]} 37. Bh4 $1 Bxh4 38. Qxf8+ Kc7 39. Nxc8 Bxc8 40. Qxh6 Be7 (40... Bd8 {might work better.} 41. Kc2 Bd7) 41. Qg7 Kd7 42. f4 Qa5 43. Kc2 {[%emt 0:00:21] Dodges Qd2+} (43. Qg6 $18 Bb7 44. Kc2 (44. Qf5+ Kc7 $16)) 43... b4 $1 $11 44. Qh7 Ba6 45. Re1 {[%emt 0:00:34] And now f5 would win. The board is on fire.} Qb5 46. Kc1 Qd3 47. Qxd3 Bxd3 48. Rh1 (48. Kd2 $5 Be4 $8 49. Rc1 $11) 48... c5 49. dxc5 Bxc5 50. Kd2 Be4 {[%emt 0:00:12] A strong pair of Bishops.} 51. Rh5 Bf8 52. f5 Kd6 53. Rh7 {[%emt 0:03:44] Black must now prevent Rf7.} Ke5 54. Rh8 Be7 {[%emt 0:01:47][%mdl 8192] [#]} (54... Bc5 $11) 55. Rh6 $1 $18 {[%emt 0:02:51] White is clearly winning.} Bf6 56. Rg6 Bb1 57. g5 Bxg5 58. Rxg5 Bxf5 59. Rh5 {[%emt 0:00:35] Weighted Error Value: White=0.39/Black=0.32.  Loses game:     	---       	Black=2      Missed win:     	White=1     	---        Mistake:       	White=3     	Black=5      Inaccurate:     	White=1     	Black=3      OK:         	White=18    	Black=19     Best:        	White=1     	Black=5      Strong:       	White=4     	Black=2      Brilliant:      	White=2     	---} 1-0

[Event "Fagernes GM Open Autumn 2024"]
[Site "Fagernes"]
[Date "2024.10.09"]
[Round "5.5"]
[White "Kvaloy, Aksel Bu"]
[Black "Moksh Amit Doshi"]
[Result "1-0"]
[ECO "C84"]
[WhiteElo "2484"]
[BlackElo "2377"]
[Annotator "RC"]
[PlyCount "61"]
[EventDate "2024.10.03"]
[EventType "swiss"]
[EventCountry "NOR"]
[SourceTitle "playchess.com"]
[Source "ChessBase"]
[SourceQuality "1"]
[TimeControl "40/6000:2400+30"]

1. e4 e5 2. Nf3 Nc6 3. Bb5 a6 4. Ba4 Nf6 5. d4 exd4 6. O-O Be7 7. e5 Ne4 8. Nxd4 O-O 9. Nf5 d5 10. Nxe7+ Nxe7 11. c3 Nc5 12. Bc2 Bf5 13. Na3 Qd7 14. Be3 Bxc2 15. Nxc2 Ne6 16. f4 f5 17. exf6 Rxf6 18. g4 g6 19. Nd4 Raf8 20. Nxe6 Rxe6 21. Qf3 Re4 22. Rae1 Rf7 23. h3 Nc6 24. Qg3 Rfe7 25. f5 gxf5 26. Rxf5 d4 27. Qf3 Qxf5 28. Qxf5 Rxe3 29. Rf1 Re8 30. Qg5+ Kh8 31. Rf7 1-0

[Event "Fagernes GM Open Autumn 2024"]
[Site "Fagernes"]
[Date "2024.10.09"]
[Round "5.6"]
[White "Das, Sayantan"]
[Black "Oksendal, Martin"]
[Result "1-0"]
[ECO "C02"]
[WhiteElo "2471"]
[BlackElo "2271"]
[Annotator "TA"]
[PlyCount "51"]
[EventDate "2024.10.03"]
[EventType "swiss"]
[EventCountry "NOR"]
[SourceTitle "playchess.com"]
[Source "ChessBase"]
[SourceQuality "1"]
[TimeControl "40/6000:2400+30"]

1. e4 e6 2. d4 d5 3. e5 c5 4. c3 Nc6 5. Nf3 Qb6 6. Be2 cxd4 7. cxd4 Nh6 8. Bxh6 Qxb2 9. Nc3 Qxc3+ 10. Bd2 Qa3 {[%emt 0:01:23] The position is equal.} 11. h4 Bb4 12. Kf1 h6 13. Rh3 Bxd2 14. Qxd2 Qb4 ({Black should try} 14... Qa5 $17 {Strongly threatening ...Qxd2.} 15. Qf4 Ne7) 15. Qd3 {[%emt 0:19:16] [#]} (15. Qf4 $11) 15... Qc4 16. Qe3 (16. Qa3 $5 Qb4 $8 17. Qd3 $11) 16... Qb4 17. Rg3 g6 18. Bd3 Bd7 19. Rb1 Qc3 (19... Qa4 $11 {keeps the balance.}) 20. Kg1 (20. Rxb7 $6 Rb8 21. Rxb8+ Nxb8 $11) (20. Rxg6 $1 $16 {Rf6 is the strong threat.} O-O-O 21. Rf6 (21. Rxh6 Rxh6 22. Rb3 Qa1+ 23. Rb1 Qc3 $11)) 20... Na5 {[%emt 0:03:18] [#]} (20... Ne7 $11) 21. Nh2 $1 $16 {[%emt 0:08:03] Ng4 would now be deadly.} Nc6 22. Ng4 (22. Rxb7 Qa1+ 23. Bf1 h5 $18 (23... Qxd4 $2 24. Ng4 $18)) 22... O-O-O {[%emt 0:02:13][%mdl 8192] [#] Loses the game.} (22... Qxd4 $16 {is more resistant.} 23. Nf6+ (23. Rxb7 Bc8 $18) 23... Ke7) 23. Rxb7 $3 $18 Qxd4 (23... Kxb7 24. Ba6+ (24. Nxh6 $2 Qa1+ 25. Kh2 Qxd4 $19) 24... Kxa6 25. Qxc3) (23... Nb4 24. Ba6) 24. Ba6 Qxe3 25. Rxe3 {[%emt 0:00:23][%cal Oe3b3] Threatening mate with Reb3!} ({Less strong is} 25. Nxe3 Nb8 $18) ({And not} 25. Rxa7+ Kb8 26. Rb7+ (26. Nxe3 $2 {perishes.} Kxa7 27. Bf1 h5 $19) 26... Ka8 27. fxe3 (27. Nxe3 $2 Nb8 $19) 27... Nb8 $17) 25... d4 {[%emt 0:00:10] Threatens to win with ...Nb8.} 26. Reb3 {[%emt 0:00:00] Weighted Error Value: White=0.21 (precise) /Black=0.87.  Loses game:     	---       	Black=1      Mistake:       	White=2     	Black=4      Inaccurate:     	White=5     	Black=3      OK:         	White=2     	Black=3      Best:        	White=2     	---        Strong:       	White=1     	---        Brilliant:      	White=1     	---} 1-0

[Event "Fagernes GM Open Autumn 2024"]
[Site "Fagernes"]
[Date "2024.10.09"]
[Round "5.7"]
[White "Sasikiran, Krishnan"]
[Black "Bhagat Kush"]
[Result "1/2-1/2"]
[ECO "E66"]
[WhiteElo "2571"]
[BlackElo "2245"]
[Annotator "RC"]
[PlyCount "133"]
[EventDate "2024.10.03"]
[EventType "swiss"]
[EventCountry "NOR"]
[SourceTitle "playchess.com"]
[Source "ChessBase"]
[SourceQuality "1"]
[TimeControl "40/6000:2400+30"]

1. d4 Nf6 2. c4 g6 3. g3 Bg7 4. Bg2 O-O 5. Nc3 d6 6. Nf3 Nc6 7. d5 Na5 8. b3 c5 9. Bb2 a6 10. O-O Bd7 11. Nd2 b5 12. Qc2 Rb8 13. Rab1 Qc7 14. Nd1 bxc4 15. bxc4 h5 16. Ne3 h4 17. Bc3 h3 18. Bh1 Nh5 19. Bf3 Bxc3 20. Qxc3 Ng7 21. Be4 Rb7 22. f4 f5 23. Bd3 Rfb8 24. g4 Rxb1 25. Rxb1 Rxb1+ 26. Bxb1 Qb6 27. a3 Nb7 28. Bc2 Qa5 29. Qxa5 Nxa5 30. Kf2 e5 31. dxe6 Bxe6 32. Kg3 Kf7 33. gxf5 gxf5 34. Kh4 Nc6 35. Nf3 Kf6 36. Bd3 Ne7 37. Kxh3 Nh5 38. Ng2 d5 39. Ne5 dxc4 40. Bxc4 Bxc4 41. Nxc4 Ng6 42. e4 Ngxf4+ 43. Nxf4 Nxf4+ 44. Kg3 Ng6 45. exf5 Kxf5 46. Kf3 Nh4+ 47. Ke3 Ng2+ 48. Kd3 Nf4+ 49. Kc3 Ne2+ 50. Kd2 Nd4 51. Kd3 Nf3 52. h3 Kf4 53. Na5 Ne5+ 54. Kc3 Kg3 55. Nb7 Kxh3 56. Nxc5 Kg4 57. Kd4 Kf5 58. Kd5 a5 59. a4 Kf6 60. Ne4+ Kf5 61. Nd6+ Kf6 62. Kd4 Ke6 63. Nb7 Nd7 64. Nxa5 Nb6 65. Nb7 Nxa4 66. Nc5+ Kd6 67. Nxa4 1/2-1/2

[Event "Fagernes GM Open Autumn 2024"]
[Site "Fagernes"]
[Date "2024.10.09"]
[Round "5.8"]
[White "Krivenko, Dion"]
[Black "Urkedal, Frode Olav Olsen"]
[Result "1/2-1/2"]
[ECO "D00"]
[WhiteElo "2244"]
[BlackElo "2559"]
[Annotator "TA"]
[PlyCount "70"]
[EventDate "2024.10.03"]
[EventType "swiss"]
[EventCountry "NOR"]
[SourceTitle "playchess.com"]
[Source "ChessBase"]
[SourceQuality "1"]
[TimeControl "40/6000:2400+30"]

1. Nc3 d5 2. d4 Nf6 3. Bf4 e6 4. Nb5 Na6 5. e3 Be7 6. Nf3 O-O 7. Be2 Ne4 8. O-O g5 9. Bg3 c5 (9... c6 $11 10. Nc3 Nxg3 11. hxg3 b5) 10. c3 (10. c4 $14) 10... Bd7 11. a4 Nxg3 12. hxg3 Nc7 13. Nxc7 Qxc7 14. Ne5 Be8 15. f4 f6 16. Nd3 c4 17. Nf2 Kh8 18. b3 cxb3 19. Qxb3 gxf4 20. gxf4 Rg8 21. Rfc1 Bc6 {[%emt 0:04:36] And now ...Rg3 would win.} 22. Bf3 $1 e5 (22... Rg3 $15) 23. c4 $1 $11 (23. Bxd5 $2 exf4 24. exf4 Qxf4 25. Bxc6 bxc6 $19) 23... dxc4 24. Qxc4 exd4 25. Qxd4 Rg7 26. Ng4 (26. Kf1 $14) 26... Qa5 27. Rxc6 (27. Bxc6 $11 {keeps the balance.} bxc6 28. Nxf6) 27... bxc6 $17 28. Rc1 (28. Nxf6 $2 Bc5 29. Qd3 Rf8 $19) 28... Rd8 29. Qa1 Rd6 30. Nh6 Bf8 ({Black should try} 30... Rd3 $15 31. Qa2 (31. Rxc6 $2 Rxe3 32. Kf1 Rg6 $19) 31... Rg6 (31... Rxe3 32. Nf7+ Rxf7 33. Qxf7 $17)) 31. Qa2 $11 Rxg2+ 32. Bxg2 {[%emt 0:01:35][%csl Gh6][%cal Ra2g8] [#]} Bxh6 33. Qf7 (33. Rxc6 $2 {loses.} Qe1+ 34. Kh2 Qh4+ 35. Kg1 Rd1+ 36. Bf1 Rxf1+ 37. Kxf1 Qh1+ 38. Kf2 Qh2+ (38... Qxc6 $2 39. Qb3 $19) 39. Kf3 Qxa2 $19) (33. Bxc6 Qb6 34. Kf2 Rxc6 $19) 33... Qd8 {[%emt 0:00:00] Inhibits Qe8+. Black is weak on the light squares} 34. Rxc6 Rxc6 35. Bxc6 Qg8+ {[%emt 0:01:12] Weighted Error Value: White=0.15 (very precise) /Black=0.18 (very precise) .  Mistake:       	White=3     	Black=3      Inaccurate:     	White=2     	Black=3      OK:         	White=10    	Black=11     Best:        	---       	Black=1      Strong:       	White=2     	---} 1/2-1/2

[Event "Fagernes GM Open Autumn 2024"]
[Site "Fagernes"]
[Date "2024.10.09"]
[Round "5.9"]
[White "Harish, Neeraj"]
[Black "Bazakutsa, Svyatoslav"]
[Result "0-1"]
[ECO "B12"]
[WhiteElo "2024"]
[BlackElo "2483"]
[Annotator "TA"]
[PlyCount "62"]
[EventDate "2024.10.03"]
[EventType "swiss"]
[EventCountry "NOR"]
[SourceTitle "playchess.com"]
[Source "ChessBase"]
[SourceQuality "1"]
[TimeControl "40/6000:2400+30"]

1. e4 c6 2. d4 d5 3. e5 c5 4. dxc5 e6 5. c3 Nd7 6. Nf3 Bxc5 7. Nbd2 Qc7 8. Nb3 {[%emt 0:00:00] The position is equal.} Ne7 9. Bf4 Ng6 10. Bg3 Be7 11. Nbd4 a6 12. Qa4 (12. h4 $11 {keeps the balance.}) 12... O-O $17 {[%emt 0:07:25][%cal Rd7e5] Black continues to play with concentration.} 13. O-O-O b5 14. Qc2 Ngxe5 ({Much weaker is} 14... Ndxe5 15. h4 Bd6 16. h5 Nxf3 17. hxg6 Nxd4 18. gxf7+ Kxf7 19. Bxd6 Qxd6 20. cxd4 $15) 15. Re1 (15. Nxe5 $17 Nxe5 16. Nf3) 15... Bd6 $19 16. Ng5 {[%emt 0:10:02] [#]} Nf6 17. Bxb5 $2 (17. Kb1 {keeps fighting.}) 17... axb5 18. Nxb5 Qc4 19. Nxd6 Nd3+ (19... Qxa2 $2 {too greedy.} 20. Bxe5 h6 21. Bxf6 hxg5 22. Be7 $18 (22. Bxg5 Qa7 $18)) 20. Kd2 Nxe1 21. Rxe1 Qg4 22. h4 Rxa2 23. Be5 $2 (23. Qb3 {might work better.} Ra8 24. Qc2) 23... Qxh4 24. f4 (24. Nh3 $142) 24... Ba6 {[%emt 0:01:05] [#] ( -> ...Qf2+)} 25. c4 Bxc4 26. Nxc4 dxc4 27. Qb1 Qf2+ {[%emt 0:01:40] Black mates.} 28. Kc3 Nd5+ 29. Kxc4 Rc8+ 30. Kb3 Qb6+ 31. Kxa2 Ra8# {[%emt 0:00:00] Weighted Error Value: White=1.08/Black=0.11 (very precise) .  Mistake:       	White=5     	---        Inaccurate:     	---       	Black=1      OK:         	White=7     	Black=9      Best:        	White=1     	Black=3} 0-1

[Event "Fagernes GM Open Autumn 2024"]
[Site "Fagernes"]
[Date "2024.10.09"]
[Round "5.10"]
[White "Krishnan, Ritvik"]
[Black "Hansen, Torbjorn Ringdal"]
[Result "1/2-1/2"]
[ECO "E44"]
[WhiteElo "2206"]
[BlackElo "2415"]
[Annotator "RC"]
[PlyCount "62"]
[EventDate "2024.10.03"]
[EventType "swiss"]
[EventCountry "NOR"]
[SourceTitle "playchess.com"]
[Source "ChessBase"]
[SourceQuality "1"]
[TimeControl "40/6000:2400+30"]

1. d4 Nf6 2. c4 e6 3. Nc3 Bb4 4. e3 b6 5. Nge2 Ne4 6. Bd2 Nxd2 7. Qxd2 d5 8. a3 Be7 9. cxd5 exd5 10. Nf4 c6 11. Bd3 O-O 12. O-O Nd7 13. b4 a6 14. e4 dxe4 15. Bxe4 Bb7 16. Rac1 Nf6 17. Bf3 Qd6 18. g3 Rfe8 19. Rfd1 Bf8 20. Na4 Nd5 21. Nxd5 cxd5 22. Nc3 Rac8 23. Ne2 g6 24. Qf4 a5 25. Qxd6 Bxd6 26. Nc3 axb4 27. axb4 Bxb4 28. Nxd5 Rxc1 29. Rxc1 Bxd5 30. Bxd5 Re1+ 31. Rxe1 Bxe1 1/2-1/2

[Event "Fagernes GM Open Autumn 2024"]
[Site "Fagernes"]
[Date "2024.10.09"]
[Round "5.11"]
[White "Sidhant, Mohapatra"]
[Black "Myagmarsuren, Evsuld"]
[Result "1/2-1/2"]
[ECO "D78"]
[WhiteElo "2369"]
[BlackElo "2171"]
[Annotator "RC"]
[PlyCount "47"]
[EventDate "2024.10.03"]
[EventType "swiss"]
[EventCountry "NOR"]
[SourceTitle "playchess.com"]
[Source "ChessBase"]
[SourceQuality "1"]
[TimeControl "40/6000:2400+30"]

1. Nf3 Nf6 2. c4 c6 3. g3 g6 4. b3 Bg7 5. Bb2 O-O 6. Bg2 d5 7. O-O Nbd7 8. d4 b5 9. Qc2 bxc4 10. bxc4 Rb8 11. Nbd2 Ne4 12. Rab1 Nxd2 13. Nxd2 Nf6 14. Ba3 Rxb1 15. Nxb1 Bf5 16. Qa4 dxc4 17. Qxc4 Be6 18. Qa4 Bxa2 19. Qxa7 Nd5 20. e4 Nc7 21. Bc5 Bxb1 22. Rxb1 Nb5 23. Qb7 Bxd4 24. Bxe7 1/2-1/2

[Event "Fagernes GM Open Autumn 2024"]
[Site "Fagernes"]
[Date "2024.10.09"]
[Round "5.12"]
[White "Amar, Elham"]
[Black "Laddha, Shubh Jayesh"]
[Result "1/2-1/2"]
[ECO "C70"]
[WhiteElo "2540"]
[BlackElo "2308"]
[Annotator "TA"]
[PlyCount "117"]
[EventDate "2024.10.03"]
[EventType "swiss"]
[EventCountry "NOR"]
[SourceTitle "playchess.com"]
[Source "ChessBase"]
[SourceQuality "1"]
[TimeControl "40/6000:2400+30"]

1. e4 e5 2. Nf3 Nc6 3. Bb5 a6 4. Ba4 Bc5 5. Nc3 Nge7 6. O-O d6 7. d3 O-O 8. Be3 {[%emt 0:01:24] C70: Ruy Lopez: 3...a6 4 Ba4, Norwegian and Delayed Schliemann.} Bg4 9. Bxc5 $146 ({Predecessor:} 9. Nd5 Nd4 10. Bxd4 Bxd4 11. c3 Nxd5 12. exd5 Bb6 13. Qe2 Qf6 14. Bd1 c6 15. Qe4 Bf5 {0-1 Glesnes,I (578)-Garmannslund,V (1600) Sotra Kretsmesterskap 2003 (2)}) 9... dxc5 10. h3 Bh5 11. g4 Bg6 12. Bb3 Qd6 13. Ne2 Kh8 14. Nh4 f6 15. Kh1 Nd4 16. Nxd4 Qxd4 17. c3 Qd7 18. Qe2 Rad8 19. Rad1 Bf7 20. Bxf7 Rxf7 21. Ng2 Ng6 22. Qe3 b6 23. Rd2 Qe6 24. b3 Rfd7 25. Rfd1 h6 26. Kg1 a5 27. f3 (27. d4 $11) 27... a4 $17 28. bxa4 Ra8 29. h4 Rxa4 30. h5 Ne7 31. d4 cxd4 (31... Rxa2 32. dxc5 Raxd2 33. Rxd2 $11) 32. cxd4 Raxd4 (32... Rxa2 33. d5 Rxd2 34. Rxd2 $15) (32... Rdxd4 $17 33. Rxd4 exd4 (33... Rxd4 34. Rxd4 exd4 35. Qxd4 $11) 34. Rxd4 Qxa2 (34... Rxa2 35. e5 $15) 35. Rxa4 Qxa4) 33. Rxd4 $11 Rxd4 34. Rxd4 exd4 35. Qxd4 Nc6 36. Qc3 Ne5 37. Nh4 Qxa2 38. Ng6+ Nxg6 39. hxg6 c5 40. Qd3 Qa1+ 41. Kg2 Qd4 42. Qb5 Qd8 43. Qc6 Kg8 44. Qe6+ Kh8 45. g5 f5 $1 (45... hxg5 $2 46. Qh3+ Kg8 47. Qh7+ Kf8 48. Qh8+ Ke7 49. Qxg7+ Kd6 50. Qf7 $18) 46. Kh3 fxe4 47. gxh6 gxh6 48. f4 e3 49. f5 (49. Qxe3 $2 {too greedy.} Qd7+ 50. Kg3 Kg7 $19) 49... e2 $1 50. Qe5+ Kg8 51. Qe6+ Kh8 52. Qe5+ Kg8 53. Qxe2 Qf6 54. Qe6+ Kg7 $1 (54... Qxe6 55. fxe6 Kg7 56. e7 Kxg6 57. e8=Q+ (57. e8=B+ $2 {perishes.} Kf6 $19) 57... Kf5 58. Kg3 c4 59. Kf3) 55. Qd7+ Kf8 56. Qc8+ Kg7 57. Qd7+ Kf8 58. Qc8+ Kg7 59. Qd7+ 1/2-1/2

[Event "Fagernes GM Open Autumn 2024"]
[Site "Fagernes"]
[Date "2024.10.09"]
[Round "5.13"]
[White "Blomqvist, Erik"]
[Black "Skotheim, Andreas"]
[Result "1-0"]
[ECO "C79"]
[WhiteElo "2483"]
[BlackElo "2234"]
[Annotator "TA"]
[PlyCount "95"]
[EventDate "2024.10.03"]
[EventType "swiss"]
[EventCountry "NOR"]
[SourceTitle "playchess.com"]
[Source "ChessBase"]
[SourceQuality "1"]
[TimeControl "40/6000:2400+30"]

1. e4 e5 2. Nf3 Nc6 3. Bb5 a6 4. Ba4 Nf6 5. O-O d6 6. Bxc6+ bxc6 7. d4 exd4 8. Nxd4 c5 9. Nc6 Qd7 10. Na5 Qa4 11. Bd2 {[%emt 0:00:00] White is slightly better.} Be7 12. Re1 Bg4 13. f3 Be6 14. Qe2 O-O (14... Bxa2 $2 15. Kh1 $18) (14... Qxc2 $6 15. Nc3 $16) 15. c4 Rae8 $1 16. f4 Bd8 17. Qd3 Bc8 18. b3 Qd7 19. Nc3 c6 20. Na4 d5 {[%emt 0:04:24] [#]} (20... Qc7 $11) 21. cxd5 (21. Nxc5 $2 {is the wrong capture.} Qa7 22. b4 (22. Nxc6 $2 Qxc5+ 23. Nd4 Bb6 $19) (22. Qe3 $2 Bb6 $19) 22... Bxa5 (22... dxe4 23. Qa3 $15) (22... Nxe4 23. Nxc6 Qb6 24. cxd5 $16) 23. cxd5 cxd5 $19) (21. e5 $1 $16 ) 21... cxd5 $11 22. exd5 Qxd5 23. Qxd5 Nxd5 24. Nc4 Bf6 25. Ne5 Bxe5 ({Black should play} 25... g5 $11 26. Nxc5 Nxf4 27. Bxf4 gxf4) 26. Rxe5 $14 Rxe5 27. fxe5 Re8 28. Re1 Nb4 29. Nxc5 Nc2 30. Re4 Bf5 31. Rf4 Rxe5 32. Nxa6 Bd3 33. Nb8 Re2 34. Rf2 Re8 35. Nc6 Re6 36. Nb4 Nxb4 37. Bxb4 $16 {[%emt 0:00:00][%mdl 4096] Endgame. KRB-KRB} f5 38. Rd2 Re1+ (38... Be4 $16) 39. Kf2 $18 Rf1+ 40. Ke3 Be4 41. Bc3 Rh1 42. g3 h5 43. b4 Rc1 {[%emt 0:02:48] [#]} (43... Bc6 {keeps fighting.} 44. Kd4 Bf3) 44. Kd4 $1 Bc6 45. Bb2 Re1 46. Kc5 Ba4 (46... Bf3 $142 47. a4 Re8) 47. b5 Re6 48. Kb4 {[%emt 0:00:25] Weighted Error Value: White=0.08 (flawless) /Black=0.28 (precise) .  Mistake:       	White=1     	Black=5      Inaccurate:     	White=3     	Black=4      OK:         	White=18    	Black=15     Best:        	White=6     	---        Strong:       	White=1     	Black=1} 1-0

[Event "Fagernes GM Open Autumn 2024"]
[Site "Fagernes"]
[Date "2024.10.09"]
[Round "5.14"]
[White "Fiskaaen, Martin Holten"]
[Black "Sorensen, Hampus"]
[Result "1-0"]
[ECO "E08"]
[WhiteElo "2259"]
[BlackElo "2423"]
[Annotator "RC"]
[PlyCount "150"]
[EventDate "2024.10.03"]
[EventType "swiss"]
[EventCountry "NOR"]
[SourceTitle "playchess.com"]
[Source "ChessBase"]
[SourceQuality "1"]
[TimeControl "40/6000:2400+30"]

1. d4 Nf6 2. c4 e6 3. Nf3 d5 4. g3 Bb4+ 5. Bd2 Be7 6. Bg2 c6 7. Qc2 Nbd7 8. Bf4 O-O 9. O-O a5 10. Rd1 a4 11. a3 Ne4 12. Nc3 Nxc3 13. Qxc3 Nb6 14. c5 Nd7 15. b4 axb3 16. Qxb3 g5 17. Be3 f5 18. Rdb1 Bf6 19. Qc3 Rf7 20. Ne5 Nxe5 21. dxe5 Be7 22. Rb4 Qa5 23. Qc1 Rg7 24. Bd4 h6 25. e3 Qd8 26. a4 g4 27. Bf1 h5 28. Bd3 h4 29. Kf1 Rh7 30. Ke2 hxg3 31. hxg3 Rh2 32. Rb2 Qc7 33. Qe1 Qa5 34. Qg1 Rh7 35. Rc2 Bd8 36. f3 Rg7 37. Qh2 Rh7 38. Qg2 gxf3+ 39. Kxf3 Qc7 40. g4 Rg7 41. gxf5 exf5 42. Qh2 Rh7 43. Rg2+ Kf8 44. Qg3 Be6 45. Rh2 Qf7 46. Rah1 Rg7 47. Rh8+ Ke7 48. Qxg7 Qxg7 49. R1h7 Kf7 50. Bxf5 Qxh7 51. Rxh7+ Kg8 52. Bc2 Ba5 53. Re7 Rf8+ 54. Kg2 Be1 55. Bh7+ Kh8 56. Rxe6 Kxh7 57. Re7+ Kg6 58. Rxb7 Kf5 59. Kf3 Ba5 60. Ra7 Bd8 61. Ra8 Ke6+ 62. Ke2 Kd7 63. Bc3 Re8 64. Kd3 Re6 65. a5 Rg6 66. a6 Rg2 67. e6+ Ke7 68. Be5 Ba5 69. Bc3 Bd8 70. Rc8 Ra2 71. Rxc6 Ke8 72. Rc8 Ke7 73. c6 Bb6 74. c7 Kd6 75. e7 Kxe7 1-0